[Event "*** Titled Tuesday Blitz"]
[Site "Chess.com"]
[Date "2018.09.04"]
[Round "9"]
[White "bugsbunny444"]
[Black "AkibaRubi"]
[Result "0-1"]
[WhiteElo "2440"]
[BlackElo "2509"]
[TimeControl "180+2"]
[EndTime "15:39:30 PDT"]
[Termination "AkibaRubi won by resignation"]

1. Nf3 g6 2. e4 Bg7 3. d4 d6 4.
Nc3 Nf6 5. h3 O-O 6. Be3 e5 7.
dxe5 dxe5 8. Bc4 Qe7 9. O-O Be6 10. Nxe5 Bxc4 11. Nxc4 Nxe4 12. Nd5 Qd8 13. Qd3 Nf6 14. Rad1 Nxd5 15. Qxd5 Qxd5 16. Rxd5 Nc6 17. Rd7 Rac8 18.
c3 b5 19. Na3 a6 20. Nc2 Rfd8 21. Rfd1 Rxd7 22. Rxd7 Ne5 23. Rd5 Nc4 24. Bc1 Re8 25. Ne3 Bh6 26. Rd3 Kg7 27. Kf1 Bxe3 28. fxe3 Kf6 29.
Rd7 Re7 30. Rxe7 Kxe7 31. Ke2 Ke6 32. e4 a5 33. Kf3 Ne5+ 34. Kf4 f6 35. Ke3 c5 36. b3 g5 37. Ba3 Kd6 38. g4 Ng6 39.
Kf3 Nf4 40. h4 Nd3 41. h5 b4 42. cxb4 axb4 43. Ke3 Ne5 44. Bb2 Nxg4+ 45. Kd3 Ne5+ 46.
Ke3 Ke6 47. a3 bxa3 48. Bxa3 c4 0-1

[Event "*** Titled Tuesday Blitz"]
[Site "Chess.com"]
[Date "2018.09.04"]
[Round "9"]
[White "danyuffa"]
[Black "jefferyx"]
[Result "1-0"]
[WhiteElo "2731"]
[BlackElo "2789"]
[TimeControl "180+2"]
[EndTime "15:39:32 PDT"]
[Termination "danyuffa won by resignation"]

1. d4 Nf6 2. c4 g6 3. Nc3 d5 4. Nf3 Bg7 5. Bg5 Ne4 6. h4 h6 7.
Bf4 Nxc3 8. bxc3 c5 9. e3 O-O 10.
Rb1 Nc6 11. Qd2 dxc4 12. Bxc4 Na5 13. Be2 Be6 14. O-O Rc8 15. e4 cxd4 16. cxd4 Bc4 17.
Bxh6 Bxe2 18. Bxg7 Kxg7 19. Qxe2 Qd6 20. Rfd1 b6 21. Rb5 Qc6 22. Rg5 Qc4 23. Qxc4 Rxc4 24. h5 Rd8 25. hxg6 fxg6 26. Ne5 Rcxd4 27. Rxd4 Rxd4 28. Rxg6+ Kf8 29. Re6 Ke8 30. f3 Ra4 31. Rh6 Kd8 32. g4 Rxa2 33. g5 Ra1+ 34. Kg2 Ra2+ 35.
Kg3 Ra1 36. g6 Kc7 37. Kf4 1-0

[Event "*** Titled Tuesday Blitz"]
[Site "Chess.com"]
[Date "2018.09.04"]
[Round "9"]
[White "gkchesstiger"]
[Black "Bryakin_Mikhail"]
[Result "1-0"]
[WhiteElo "2760"]
[BlackElo "2553"]
[TimeControl "180+2"]
[EndTime "15:39:33 PDT"]
[Termination "gkchesstiger won on time"]

1. d4 d5 2. Bf4 Nf6 3. e3 c5 4.
Nd2 cxd4 5. exd4 Nc6 6. c3 g6 7.
Ngf3 Bg7 8. Bd3 Bf5 9. Bxf5 gxf5 10. Ne5 O-O 11. Nd3 Ne4 12. f3 Nxd2 13. Qxd2 e6 14. O-O b6 15. Rae1 Rc8 16. h3 Ne7 17. g4 fxg4 18.
hxg4 Ng6 19. Bg3 Bf6 20. Kg2 Bh4 21. Rh1 Qg5 22. Qxg5 Bxg5 23. Rh5 Bf6 24. Reh1 a5 25. Rxh7 a4 26. a3 Rfe8 27. f4 Nf8 28. R7h5 Bg7 29. Kf3 Nd7 30. Bh4 Bf6 31. Bxf6 Nxf6 32. Rg5+ Kf8 33.
Ne5 Ke7 34. Rg7 Kd6 35. Rxf7 Rf8 36. Rhh7 Rcd8 37. Rxf8 Rxf8 38. Rb7 b5 39. g5 1-0

[Event "*** Titled Tuesday Blitz"]
[Site "Chess.com"]
[Date "2018.09.04"]
[Round "9"]
[White "maziarbagheri"]
[Black "VeraNebolsina"]
[Result "0-1"]
[WhiteElo "2305"]
[BlackElo "2384"]
[TimeControl "180+2"]
[EndTime "15:39:36 PDT"]
[Termination "VeraNebolsina won by resignation"]

1. e4 c5 2. Nf3 d6 3. d4 cxd4 4. Nxd4 Nf6 5. Nc3 a6 6. Bg5 Nbd7 7. f4 e5 8. Nf5 Qb6 9. Rb1 h6 10. Bh4 g6 11. Bf2 Qa5 12. Nxd6+ Bxd6 13. Qxd6 Nxe4 14. Qd5 Qxd5 15. Nxd5 Nxf2 16. Kxf2 O-O 17. Bc4 b5 18. Ne7+ Kg7 19. Bd5 Ra7 20. c3 exf4 21. Nc6 Rc7 22. Rhe1 Bb7 23. Nb4 a5 24. Bxb7 axb4 25. Bd5 bxc3 26.
Rbc1 b4 27. bxc3 bxc3 28. Rc2 Rb8 29. Rec1 Rb2 30. Bb3 Ne5 31. Ke2 Re7 32. Kd1 Nd3 33. Rxb2 cxb2 34. Rb1 Re1+ 35. Kc2 Rc1+ 36. Kxd3 Rxb1 37.
Kc2 Rg1 38. Kxb2 Rxg2+ 39. Kc3 f3 40. a4 f2 41. Bc4 Rg4 42. Bf1 Rxa4 43. Kd2 Ra2+ 44.
Ke3 f5 45. h3 Kf6 46. Kf3 Ke5 47. Bc4 g5 48. Bxa2 f1=Q+ 49. Ke3 0-1

[Event "*** Titled Tuesday Blitz"]
[Site "Chess.com"]
[Date "2018.09.04"]
[Round "9"]
[White "tsakos2731"]
[Black "metra93"]
[Result "1/2-1/2"]
[WhiteElo "2624"]
[BlackElo "2520"]
[TimeControl "180+2"]
[EndTime "15:39:43 PDT"]
[Termination "Game drawn by repetition"]

1. d4 d5 2. c4 e6 3. Nc3 Nf6 4. cxd5 exd5 5. Bg5 c6 6. e3 Be7 7. Bd3 Nbd7 8. Qc2 O-O 9. h3 Re8 10. Nf3 Nf8 11. Bf4 Ng6 12. Bg3 Bd6 13. Bxd6 Qxd6 14.
O-O-O b5 15. g4 a5 16. Kb1 Ba6 17. g5 b4 18. Bxa6 Rxa6 19. Na4 Ne4 20. h4 Qe6 21. h5 Qg4 22. hxg6 Qxf3 23. gxf7+ Qxf7 24. Nc5 Rb6 25. Nxe4 Rxe4 26. Rdg1 Qg6 27. b3 Rb8 28. Kb2 Rf8 29. Rg3 Rf5 30. f4 Rf8 31. Rgh3 Kf7 32. Qf2 Rfe8 33.
Rg3 Qf5 34. Qc2 Qg6 35. f5 Qxf5 36. g6+ hxg6 37. Rhh3 Ke7 38. Qxc6 Qf2+ 39. Kb1 Qe1+ 40. Kb2 Qd2+ 41. Kb1 Qd1+ 42. Kb2 Qd2+ 43. Kb1 Qd1+ 44.
Kb2 Qd2+ 1/2-1/2

[Event "*** Titled Tuesday Blitz"]
[Site "Chess.com"]
[Date "2018.09.04"]
[Round "9"]
[White "OglazaOskar2005"]
[Black "colemman"]
[Result "0-1"]
[WhiteElo "2304"]
[BlackElo "2464"]
[TimeControl "180+2"]
[EndTime "15:39:48 PDT"]
[Termination "colemman won by resignation"]

1. e4 c5 2. Ne2 Nf6 3. Nbc3 Nc6 4. d4 cxd4 5. Nxd4 e6 6. Ndb5 Bb4 7. a3 Bxc3+ 8. Nxc3 d5 9. exd5 exd5 10. Bd3 O-O 11. O-O d4 12. Ne2 Bg4 13. h3 Bh5 14. Bg5 Re8 15. Qd2 Bxe2 16. Bxf6 Qxf6 17. Bxe2 Rad8 18.
Bd3 Ne5 19. Rae1 g6 20. Qb4 b6 21. Qd2 Kg7 22. f4 Nxd3 23. cxd3 Rxe1 24. Rxe1 h5 25. Re5 Rc8 26. Qf2 Rd8 27. Qf3 Rd7 28.
g3 Rc7 29. Qa8 Rc1+ 30. Kf2 Rc2+ 31. Ke1 h4 32. Qf3 Rxb2 33. Re8 hxg3 34. Qxg3 Qc6 35.
Re2 Qc3+ 36. Kf2 Qxa3 37. f5 Rxe2+ 38. Kxe2 Qe7+ 39. Kd1 Qe3 40. f6+ Kxf6 41. Qd6+ Kg7 42. Kc2 Qe2+ 0-1

[Event "*** Titled Tuesday Blitz"]
[Site "Chess.com"]
[Date "2018.09.04"]
[Round "9"]
[White "Spring199"]
[Black "FMJoseHerrera"]
[Result "0-1"]
[WhiteElo "2233"]
[BlackElo "2410"]
[TimeControl "180+2"]
[EndTime "15:39:51 PDT"]
[Termination "FMJoseHerrera won by resignation"]

1. e4 c5 2. Nf3 e6 3. d4 cxd4 4. Nxd4 a6 5. Nc3 Qc7 6. g3 b5 7. Bg2 Bb7 8. O-O d6 9. h3 Nd7 10. Kh2 Ngf6 11. a3 Be7 12. f4 h5 13. Be3 Rc8 14. Qd3 Nc5 15. Qe2 Ncxe4 16. Nxe4 Nxe4 17.
Bg1 d5 18. a4 bxa4 19. Rxa4 h4 20. g4 Ng3 21. Qe1 Nxf1+ 22. Qxf1 Bd6 23. Be3 O-O 24.
Kh1 Bc5 25. Qf2 Qb6 26. b3 Qc7 27. Qxh4 Bxd4 28. Rxd4 Qxc2 29. Rd2 Qxb3 30. Bd4 Qb1+ 31. Kh2 Rc4 32. f5 Rxd4 33. Rxd4 exf5 34. gxf5 Qxf5 35. Rg4 Qe5+ 36. Kh1 Rc8 37. Qh6 a5 38. Bf3 a4 39.
Be2 d4+ 40. Kg1 a3 41. Bd3 Qe3+ 42. Qxe3 dxe3 43. Ra4 Rc1+ 44. Kh2 Rc3 45. Bf5 g6 46. Bb1 e2 47. Re4 Bxe4 0-1

[Event "*** Titled Tuesday Blitz"]
[Site "Chess.com"]
[Date "2018.09.04"]
[Round "9"]
[White "AlexanderL"]
[Black "GadimbayliA"]
[Result "0-1"]
[WhiteElo "2806"]
[BlackElo "2702"]
[TimeControl "180+2"]
[EndTime "15:39:52 PDT"]
[Termination "GadimbayliA won by resignation"]

1. Nf3 Nf6 2. c4 e6 3. Nc3 Bb4 4. Qc2 O-O 5. a3 Bxc3 6. Qxc3 b6 7. g3 Bb7 8. Bg2 c5 9. O-O Nc6 10. b4 d5 11. bxc5 d4 12. Qb2 Ba6 13. cxb6 Bxc4 14. d3 Bd5 15. bxa7 Rxa7 16. Bd2 Qa8 17. Bb4 Rb8 18.
Rfb1 Ra4 19. Qc1 Rc8 20. Qe1 e5 21. Bh3 Rd8 22. Bc5 e4 23. dxe4 Nxe4 24. Bb6 Rb8 25.
Bd7 Nc3 26. Rb2 Rxa3 27. Bxc6 Bxc6 28. Bc5 Rxa1 29. Rxb8+ Qxb8 30. Qxa1 Nxe2+ 31. Kg2 Qb7 32. Qa3 Nc3 33. Bxd4 Bxf3+ 34. Kh3 Qd7+ 0-1

[Event "*** Titled Tuesday Blitz"]
[Site "Chess.com"]
[Date "2018.09.04"]
[Round "9"]
[White "HanSchut"]
[Black "timator"]
[Result "0-1"]
[WhiteElo "2208"]
[BlackElo "2412"]
[TimeControl "180+2"]
[EndTime "15:39:52 PDT"]
[Termination "timator won by resignation"]

1. e4 c5 2. Nf3 Nc6 3. d4 cxd4 4. Nxd4 Nf6 5. Nc3 e6 6. Ndb5 Bb4 7. a3 Bxc3+ 8. Nxc3 d5 9. exd5 exd5 10. Bd3 O-O 11. O-O d4 12. Ne2 Bg4 13. f3 Bh5 14. b4 Qd6 15. b5 Ne5 16. Bb2 Rfd8 17. Bxd4 Nxd3 18. Qxd3 Bg6 19. Qb3 Rac8 20. c3 Bd3 21. Rfe1 Bc4 22. Qb2 b6 23. Ng3 Nd5 24. Re5 f6 25. Ree1 Nf4 26. Nf5 Qd7 27. Ne7+ Kf7 28. Nxc8 Rxc8 29. Qd2 g5 30. a4 h5 31. a5 h4 32. axb6 axb6 33.
Qe3 h3 34. Bxb6 Nxg2 35. Qf2 Qxb5 36. Reb1 Qf5 37. Bd4 Re8 38. Rb6 Re6 39. Rxe6 Bxe6 40. Ra7+ Kg6 41. Ra1 Bd5 42. f4 Nh4 43. fxg5 Nf3+ 44. Kf1 Bc4+ 45. Qe2 Nxd4+ 0-1

[Event "*** Titled Tuesday Blitz"]
[Site "Chess.com"]
[Date "2018.09.04"]
[Round "9"]
[White "mjray79"]
[Black "Synctel"]
[Result "0-1"]
[WhiteElo "2029"]
[BlackElo "1903"]
[TimeControl "180+2"]
[EndTime "15:39:52 PDT"]
[Termination "Synctel won by resignation"]

1. d4 Nf6 2. c4 e6 3. g3 Bb4+ 4. Bd2 Qe7 5. Nf3 Nc6 6. Bg2 Bxd2+ 7. Nbxd2 O-O 8. O-O d6 9. Rc1 e5 10. d5 Nb8 11. e4 a5 12. a3 Na6 13. Re1 Nc5 14. Qc2 a4 15. Ra1 Bd7 16. Nh4 g6 17. f4 exf4 18. gxf4 Nh5 19. Ndf3 Nxf4 20. e5 dxe5 21. Rxe5 Qf6 22. Qc3 Nxg2 23. Kxg2 Bg4 24. Rf1 Bxf3+ 25. Nxf3 Nd7 26. Re3 Qxc3 27. Rxc3 Rfe8 28. Nd4 Ne5 29. c5 Rad8 30. Nb5 Rxd5 31. Nxc7 Rd2+ 32. Kg3 Re7 33. Nb5 h5 34. b3 g5 35. Nd6 h4+ 36. Kh3 g4+ 37. Kxh4 Rxh2+ 38. Kg3 Rh3+ 0-1

[Event "*** Titled Tuesday Blitz"]
[Site "Chess.com"]
[Date "2018.09.04"]
[Round "9"]
[White "ramses135"]
[Black "gmjlh"]
[Result "0-1"]
[WhiteElo "2541"]
[BlackElo "2723"]
[TimeControl "180+2"]
[EndTime "15:39:56 PDT"]
[Termination "gmjlh won on time"]

1. e4 c6 2. d4 d5 3. Nc3 dxe4 4. Nxe4 Nf6 5. Nxf6+ exf6 6. c3 Bd6 7. Bd3 O-O 8. Qc2 Re8+ 9. Ne2 h5 10. Be3 Nd7 11.
O-O-O Nf8 12. Kb1 Be6 13. Nf4 Bxf4 14. Bxf4 b5 15. f3 Bd5 16. Rde1 Qd7 17. Bf5 Ne6 18. Bd2 a5 19. Rhg1 g6 20. g4 Kf8 21. Be4 hxg4 22. fxg4 c5 23. Bh6+ Kg8 24. dxc5 Nxc5 25. Bxd5 Qxd5 26.
h4 Ne4 27. Be3 Rac8 28. Bd4 b4 29. Qb3 Nd2+ 0-1

[Event "*** Titled Tuesday Blitz"]
[Site "Chess.com"]
[Date "2018.09.04"]
[Round "9"]
[White "xberli"]
[Black "Blagorod"]
[Result "1-0"]
[WhiteElo "2522"]
[BlackElo "2008"]
[TimeControl "180+2"]
[EndTime "15:39:56 PDT"]
[Termination "xberli won by checkmate"]

1. e4 e5 2. Nf3 Nf6 3. Nxe5 d6 4. Nf3 Nxe4 5. Nc3 Nxc3 6. dxc3 Be7 7. Be3 Nc6 8. Bc4 Bf5 9. Qd2 Qd7 10. O-O-O Bg6 11. h4 h5 12. Kb1 O-O-O 13. Bd5 Kb8 14. Qe2 Bf6 15. Qb5 a6 16. Qa4 Ne7 17. Qxd7 Rxd7 18. Bb3 Nc6 19. Bg5 Bxg5 20. Nxg5 Re8 21. Rhe1 Rde7 22. Rxe7 Rxe7 23. Kc1 Kc8 24. Kd2 Kd8 25. Re1 Rxe1 26. Kxe1 Ke7 27. Kd2 Na5 28. Bd5 c6 29.
Bf3 Nc4+ 30. Kc1 Ne5 31. Be2 f6 32. Nh3 Ng4 33. a4 Bf7 34. a5 g6 35. Kd2 d5 36.
Bxg4 hxg4 37. Nf4 f5 38. Ke3 Kf6 39. Kd4 g5 40. hxg5+ Kxg5 41. g3 Kf6 42. b4 Be6 43. Kc5 Ke5 44. Nxe6 Kxe6 45. Kb6 Ke5 46. Kxb7 Ke4 47.
Kxc6 Kf3 48. b5 axb5 49. a6 Kxf2 50. a7 Kxg3 51. a8=Q f4 52. Qb8 Kf3 53. Qxb5 g3 54. Qxd5+ Kf2 55. Qd2+ Kf3 56. c4 g2 57. Qe1 Kg4 58.
Kd5 f3 59. Ke4 Kh3 60. Kf4 Kh2 61. Qh4+ Kg1 62. Kxf3 Kf1 63. Qf2# 1-0

[Event "*** Titled Tuesday Blitz"]
[Site "Chess.com"]
[Date "2018.09.04"]
[Round "9"]
[White "inegrepus"]
[Black "JSMastropiero"]
[Result "1/2-1/2"]
[WhiteElo "2208"]
[BlackElo "2340"]
[TimeControl "180+2"]
[EndTime "15:39:56 PDT"]
[Termination "Game drawn by repetition"]

1. d4 Nf6 2. c4 e6 3. Nc3 Bb4 4.
e3 c5 5. Ne2 cxd4 6. exd4 d5 7.
a3 Be7 8. cxd5 Nxd5 9. Ng3 O-O 10. Bd3 Nc6 11. Be3 h6 12. O-O b6 13. Qh5 Nf6 14. Qe2 Bb7 15. Rad1 Qd7 16. Bb1 Rfd8 17. Qc2 Rac8 18. Nh5 Kf8 19. Nxf6 Bxf6 20. Qh7 Ne7 21.
Qh8+ Ng8 22. Bh7 Ke7 23. d5 Bxc3 24. bxc3 Bxd5 25. c4 Rxc4 26. Bxg8 Rg4 27. f3 Rg6 28. Qh7 Qe8 29. Bd2 a5 30. Be3 Qxg8 31. Qxg8 Rxg8 32. Bxb6 a4 33. Bc5+ Kf6 34. Bd4+ Ke7 35. Bc5+ Kd7 36. Bb4 Rc8 37. Kf2 f5 38. Rc1 Rf6 39. Rxc8 Kxc8 40. Rc1+ Kb7 41. Rc5 Rf7 42. Rb5+ Kc6 43. Rc5+ Kd7 44.
Ra5 Bb3 45. Ra7+ Ke8 46. Ra8+ Kd7 47. Ra7+ Ke8 48. Ra8+ Kd7 49. Ra7+ Ke8 50. Ra8+ Kd7 51. Ra7+ Ke8 1/2-1/2

[Event "*** Titled Tuesday Blitz"]
[Site "Chess.com"]
[Date "2018.09.04"]
[Round "9"]
[White "Blitzstream"]
[Black "NateSolon"]
[Result "1-0"]
[WhiteElo "2590"]
[BlackElo "2501"]
[TimeControl "180+2"]
[EndTime "15:40:00 PDT"]
[Termination "Blitzstream won by resignation"]

1. g4 d5 2. Bg2 c6 3. g5 e5 4. d4 exd4 5. Qxd4 Ne7 6. e4 dxe4 7. Qxd8+ Kxd8 8. Nc3 Nd5 9. Nxe4 Nb4 10. Kd1 Bf5 11. a3 Nd5 12. c4 Nc7 13. Ne2 Ne6 14. N2g3 Bxe4 15. Nxe4 Nd7 16. Be3 Kc7 17. Kc2 a5 18. Rad1 Ndc5 19. Nc3 Be7 20. f4 g6 21. b4 axb4 22. axb4 Na4 23. Nd5+ cxd5 24. cxd5 Nd8 25. Kb3 Bd6 26. Rc1+ Kb8 27. Bh3 b5 28. Bd7 Nb7 29. Bxb5 Nb2 30. Kxb2 Bxb4 31. Bc6 Ba3+ 32. Kb3 Bxc1 33. Rxc1 Ra6 34. Bd4 Rd8 35. Be5+ Nd6 36. Kb4 Ra2 37. Kc5 Kc7 38. Rb1 Ra5+ 39. Kd4 Ra4+ 40.
Bxa4 1-0

[Event "*** Titled Tuesday Blitz"]
[Site "Chess.com"]
[Date "2018.09.04"]
[Round "9"]
[White "aquaticpineapples"]
[Black "chessmaxusa"]
[Result "0-1"]
[WhiteElo "2010"]
[BlackElo "2491"]
[TimeControl "180+2"]
[EndTime "15:40:06 PDT"]
[Termination "chessmaxusa won by resignation"]

1. d4 c6 2. Nf3 d5 3. e3 Nf6 4. Bd3 Bg4 5. h3 Bh5 6. c4 e6 7. Qc2 Nbd7 8. b3 Bg6 9. Bxg6 hxg6 10. Nc3 Be7 11. Bb2 a5 12. O-O Qb6 13. Rfe1 Qa6 14. cxd5 cxd5 15. Qe2 O-O 16. Rac1 Rfc8 17. Qb5 Nb8 18. Qxa6 bxa6 19. Na4 Nbd7 20. Ne5 Nxe5 21. dxe5 Nd7 22. Bd4 Ba3 23. Rc3 Bb4 24. Rxc8+ Rxc8 25. Re2 Rc1+ 26. Kh2 f6 27. exf6 gxf6 28. Nb6 Ne5 29.
f4 Nf7 30. Bxf6 Nd6 31. Nd7 Ne4 32. Bd4 Nd6 33. Nb8 Nf5 34. Nxa6 Bd6 35. g3 Rc6 36. Nc5 Bxc5 37. Rc2 Bxd4 38. Rxc6 Bxe3 39. Rxe6 Kf7 40. Rc6 d4 41. g4 Ne7 42. Kg2 Nxc6 0-1

[Event "*** Titled Tuesday Blitz"]
[Site "Chess.com"]
[Date "2018.09.04"]
[Round "9"]
[White "jeetjain"]
[Black "lexisvar"]
[Result "1/2-1/2"]
[WhiteElo "2314"]
[BlackElo "2431"]
[TimeControl "180+2"]
[EndTime "15:40:08 PDT"]
[Termination "Game drawn - insufficient material"]

1. e4 c5 2. Nf3 d6 3. Bb5+ Nd7 4. a4 Nf6 5. Nc3 e6 6. a5 Be7 7. a6 bxa6 8. Bxa6 O-O 9. d3 Qb6 10. Bxc8 Rfxc8 11. O-O d5 12. h3 d4 13. Na4 Qb5 14. b3 e5 15. Nd2 Ne8 16. Nc4 Nd6 17. Nab2 Nxc4 18. Nxc4 a5 19. f4 exf4 20. Bxf4 a4 21. bxa4 Rxa4 22. Rxa4 Qxa4 23. Qg4 Ra8 24. Qf5 Qc6 25.
Bd2 Qe6 26. Qf4 Ra2 27. Rc1 Qc6 28. c3 dxc3 29. Bxc3 h6 30. Rf1 Qg6 31. Rf2 Rxf2 32. Qxf2 Bf6 33. Bxf6 Qxf6 34. Qxf6 Nxf6 35. Kf2 Nd7 36. Ke3 f6 37. Nd6 g6 38. Kd2 Kf8 39. Kc3 Ke7 40. Nb7 Ke6 41. Kc4 Ne5+ 42. Kc3 Nd7 43.
Kc4 Ne5+ 44. Kc3 Nd7 45. Nd8+ Ke5 46. Nf7+ Kf4 47. Nxh6 Kg3 48. d4 cxd4+ 49. Kxd4 Kxg2 50. Kd5 Kxh3 51. Ke6 Nc5+ 52. Kxf6 Nxe4+ 53. Kxg6 Ng5 54. Kxg5 1/2-1/2

[Event "*** Titled Tuesday Blitz"]
[Site "Chess.com"]
[Date "2018.09.04"]
[Round "9"]
[White "Polish_fighter3000"]
[Black "sergiochess83"]
[Result "0-1"]
[WhiteElo "2894"]
[BlackElo "2770"]
[TimeControl "180+2"]
[EndTime "15:40:09 PDT"]
[Termination "sergiochess83 won by resignation"]

1. e4 c6 2. d4 d5 3. Nc3 dxe4 4. Nxe4 Bf5 5. Ng3 Bg6 6. Nh3 Nd7 7. Nf4 Ngf6 8. h4 e5 9. dxe5 Qa5+ 10. c3 Qxe5+ 11. Qe2 O-O-O 12. h5 Bc2 13. Be3 Ba4 14. Nd3 Qa5 15. Rh4 Bd6 16. b4 Qc7 17. Nf5 Be5 18.
Nxe5 Qxe5 19. Nd4 Rhe8 20. g3 Nd5 21. Kd2 N7f6 22. Bh3+ Kb8 23. Bg2 Ka8 24. Re1 Nxe3 25.
Qxe3 Qf5 26. Be4 Nxe4+ 27. Rxe4 Rxe4 28. Qxe4 Qxf2+ 29. Re2 Qxg3 30. Qe8 Qf4+ 31. Ke1 Qh4+ 32. Kf1 Bb5 33. Nxb5 cxb5 34. Re7 Qf4+ 35. Kg2 Rxe8 36. Rxe8+ Qb8 37. Rxb8+ Kxb8 38. Kf3 Kc7 39. Ke4 Kd6 40. Kd4 f5 41. c4 bxc4 42. Kxc4 g5 43. a4 g4 44. Kd4 g3 45. Ke3 f4+ 46. Kf3 h6 47.
a5 a6 0-1

[Event "*** Titled Tuesday Blitz"]
[Site "Chess.com"]
[Date "2018.09.04"]
[Round "9"]
[White "Korchmar_Vasiliy"]
[Black "MrVezunchik"]
[Result "1-0"]
[WhiteElo "2661"]
[BlackElo "2814"]
[TimeControl "180+2"]
[EndTime "15:40:18 PDT"]
[Termination "Korchmar_Vasiliy won on time"]

1. d4 d6 2. e4 Nf6 3. Nc3 g6 4.
f4 Bg7 5. Nf3 O-O 6. Bd3 Nc6 7.
O-O e5 8. dxe5 dxe5 9. f5 Nb4 10. Kh1 Nxd3 11. cxd3 gxf5 12. Bg5 h6 13. Bh4 Qd6 14. Qe1 f4 15. d4 Ng4 16. Nd5 Re8 17. dxe5 Nxe5 18. Rd1 Nxf3 19. Rxf3 Qe5 20. Rxf4 f5 21.
exf5 Qxe1+ 22. Rxe1 Rxe1+ 23. Bxe1 Be5 24. Re4 Bd6 25.
Re8+ Kf7 26. Rh8 b6 27. Bc3 Bb7 28. Rh7+ Kg8 29. Nf6+ Kf8 30. Nd7+ Ke8 31. Nf6+ Kf8 32.
Bd2 1-0

[Event "*** Titled Tuesday Blitz"]
[Site "Chess.com"]
[Date "2018.09.04"]
[Round "9"]
[White "PaulfromSPb"]
[Black "TST2014"]
[Result "1/2-1/2"]
[WhiteElo "2617"]
[BlackElo "2510"]
[TimeControl "180+2"]
[EndTime "15:40:18 PDT"]
[Termination "Game drawn - insufficient material"]

1. d4 Nf6 2. Bg5 d5 3. Nd2 c5 4. c3 Nc6 5. e3 e6 6. Bd3 Be7 7.
f4 b6 8. Ngf3 Bb7 9. Qe2 Ne4 10.
Nxe4 dxe4 11. Bxe4 cxd4 12. exd4 O-O 13. Ne5 Nxe5 14.
Bxb7 Rb8 15. Bxe7 Qxe7 16. Be4 Ng6 17. O-O b5 18. a3 a5 19. Bd3 b4 20. axb4 axb4 21. f5 exf5 22. Qxe7 Nxe7 23. Bxf5 bxc3 24. bxc3 Nd5 25. Rac1 Ne3 26. Rf3 Nxf5 27. Rxf5 Rfc8 28. Rf3 Rb2 29. Rf2 Rb3 30. Rfc2 f5 31. Kf2 Kf7 32.
Ke3 Ke6 33. Kd3 Kd5 34. Re1 g6 35. Re7 h5 36. Rg7 Rb1 37. Rxg6 Rd1+ 38. Rd2 Rh1 39. Rg5 Rxh2 40. Rxf5+ Ke6 41. Re5+ Kd6 42. c4 h4 43. c5+ Kd7 44. Rh5 Rg8 45. Kc4 Rg4 46. Kd5 Rg7 47. c6+ Kc7 48. Kc5 Rh1 49. d5 Rc1+ 50. Kd4 Rg4+ 51. Ke5 Re1+ 52. Kf5 Rg7 53. Rxh4 Rf7+ 54.
Kg6 Ref1 55. Rh7 Rf6+ 56. Kg5 Rf5+ 57. Kg4 Rf4+ 58. Kg3 Kd6 59. Rxf7 Rxf7 60. Kh4 Rg7 61. g4 Rg8 62. g5 Rh8+ 63. Kg4 Rg8 64. Kf5 Rf8+ 65.
Kg6 Rg8+ 66. Kf6 Rf8+ 67. Kg7 Rf2 68. g6 Rxd2 69. Kf7 Rxd5 70. g7 Rf5+ 71. Kg6 Rf1 72. Kh7 Rh1+ 73. Kg6 Rg1+ 74. Kf7 Kxc6 75. g8=Q Rxg8 76.
Kxg8 1/2-1/2

[Event "*** Titled Tuesday Blitz"]
[Site "Chess.com"]
[Date "2018.09.04"]
[Round "9"]
[White "Manukyan_Artak"]
[Black "BlackBoarder"]
[Result "1-0"]
[WhiteElo "2319"]
[BlackElo "2441"]
[TimeControl "180+2"]
[EndTime "15:40:21 PDT"]
[Termination "Manukyan_Artak won on time"]

1. e4 e6 2. d4 d5 3. e5 c5 4. c3 Nc6 5. Nf3 Bd7 6. a3 f6 7. Bd3 fxe5 8. Nxe5 Nxe5 9. dxe5 g6 10. h4 Qc7 11. f4 O-O-O 12. b4 Ne7 13. Be3 Nf5 14. Bf2 d4 15. Bxf5 gxf5 16. cxd4 Bc6 17. O-O cxd4 18.
Nd2 Bh6 19. Rc1 Rhg8 20. Nf3 Kb8 21. b5 Qg7 22. Ng5 Bd5 23. Qxd4 b6 24. Qa4 Qb7 25. Rc6 Bf8 26. Rfc1 Rg7 27. Qd1 h6 28. Nf3 Re8 29.
Kf1 Rd7 30. Qe2 Red8 31. Nd4 Bxa3 32. Nxe6 Bxc1 33. Nxd8 Rxd8 34. Rd6 Rxd6 35. exd6 Bxf4 36. Qe8+ Qc8 37. d7 Bc4+ 38. Kg1 1-0

[Event "*** Titled Tuesday Blitz"]
[Site "Chess.com"]
[Date "2018.09.04"]
[Round "9"]
[White "Rashad_Zeynalli"]
[Black "CrushingKings"]
[Result "1-0"]
[WhiteElo "2372"]
[BlackElo "2079"]
[TimeControl "180+2"]
[EndTime "15:40:24 PDT"]
[Termination "Rashad_Zeynalli won by resignation"]

1. Nf3 Nf6 2. c4 g6 3. Nc3 Bg7 4. e4 d6 5. d4 O-O 6. Be2 e5 7. O-O Nc6 8. d5 Ne7 9. b4 Ne8 10. Nd2 f5 11. c5 Nf6 12. Bf3 g5 13. exf5 Bxf5 14. Nde4 h6 15. Re1 Qd7 16. h3 Rf7 17. a4 Raf8 18. Ra2 Ng6 19. b5 Nh4 20. Nxf6+ Rxf6 21. Bg4 Bxg4 22. Qxg4 Qf7 23. Ne4 Qxd5 24. Nxf6+ Rxf6 25. Rc2 h5 26. Qc4 Qxc4 27. Rxc4 d5 28. Rc2 Rg6 29. c6 b6 30. a5 Nf5 31. axb6 axb6 32.
Ra2 Nd4 33. Ra8+ Kh7 34. Rd8 Nxb5 35. Rxd5 Na7 36. Rd7 Nxc6 37. Rxc7 g4 38. hxg4 hxg4 39. Rb7 Nd4 40. Rxe5 Rc6 41. Rh5+ Kg8 42. Be3 Ne2+ 43. Kf1 Nc3 44. Rxb6 Rc7 45. Rb8+ Kf7 46. Rf5+ Kg6 47. Rg5+ Kh7 48. Rxg4 Rd7 49. g3 Rd1+ 50. Kg2 Nd5 51.
Rb7 Nxe3+ 52. fxe3 1-0

[Event "*** Titled Tuesday Blitz"]
[Site "Chess.com"]
[Date "2018.09.04"]
[Round "9"]
[White "NikolaGry"]
[Black "Drags95"]
[Result "0-1"]
[WhiteElo "2604"]
[BlackElo "2666"]
[TimeControl "180+2"]
[EndTime "15:40:28 PDT"]
[Termination "Drags95 won on time"]

1. e4 e5 2. Nf3 Nc6 3. Bb5 a6 4. Bxc6 dxc6 5. d4 exd4 6. Qxd4 Qxd4 7. Nxd4 Bd7 8. Nc3 O-O-O 9. Be3 Nf6 10. f3 c5 11. Nde2 b6 12. O-O-O Bd6 13. Bf4 Bxf4+ 14. Nxf4 Bc6 15. Rxd8+ Rxd8 16. Rd1 Re8 17. h4 h6 18. h5 b5 19. Nce2 c4 20. a3 Bd7 21. g4 c6 22.
Ng3 Kc7 23. Nf5 Bxf5 24. gxf5 Re5 25. Rg1 Ne8 26. Kd2 a5 27. Ke3 Kd6 28. Kd4 Re7 29. f6 gxf6 30. Rg8 f5 31. Rh8 c5+ 32. Ke3 fxe4 33.
fxe4 f5 34. Rxh6+ Kd7 35. Nd5 Rxe4+ 36. Kf3 Rh4 37. Ne3 Rh2 38. Rh7+ Ke6 39. Rh6+ Ke5 40. Rb6 Nd6 41. a4 bxa4 42. Rc6 Rh3+ 43. Ke2 Ne4 44.
Ra6 f4 45. Nxc4+ Kd4 46. Nxa5 f3+ 0-1

[Event "*** Titled Tuesday Blitz"]
[Site "Chess.com"]
[Date "2018.09.04"]
[Round "9"]
[White "Schachmalanders"]
[Black "RiskyDecision"]
[Result "1-0"]
[WhiteElo "2396"]
[BlackElo "2410"]
[TimeControl "180+2"]
[EndTime "15:40:28 PDT"]
[Termination "Schachmalanders won on time"]

1. e4 e6 2. d4 d5 3. exd5 exd5 4. Nf3 Bd6 5. Bd3 Ne7 6. O-O Nbc6 7. c3 Bg4 8. Re1 Qd7 9. Nbd2 O-O-O 10. Nf1 f6 11. Ne3 Be6 12. b4 Ng6 13. a4 Nf4 14. Bf1 g5 15. a5 Ne7 16. b5 Neg6 17. Ba3 Nh4 18. g3 Nh3+ 19. Bxh3 Nxf3+ 20. Qxf3 Bxh3 21. a6 Be6 22. axb7+ Kb8 23. Qe2 Kxb7 24. Bc5 Ra8 25. Qa2 a5 26.
bxa6+ Kc8 27. Qb3 Qc6 28. Bxd6 cxd6 29. Reb1 Kc7 30. a7 Rhc8 31. Qc2 f5 32. Nxf5 Kd7 33. Ng7 Bg8 34. Qf5+ Kc7 35. Qxg5 Rd8 36. Rb3 Qd7 37. Qe3 Kc6 38. Nh5 Rxa7 39. Rab1 Qc7 40. Nf4 1-0

[Event "*** Titled Tuesday Blitz"]
[Site "Chess.com"]
[Date "2018.09.04"]
[Round "9"]
[White "KhalilMousavi77"]
[Black "Genghis_K"]
[Result "0-1"]
[WhiteElo "2764"]
[BlackElo "2880"]
[TimeControl "180+2"]
[EndTime "15:40:38 PDT"]
[Termination "Genghis_K won by checkmate"]

1. e4 e5 2. Nf3 Nc6 3. Bb5 Nf6 4. d3 d6 5. O-O Be7 6. Nc3 O-O 7. d4 exd4 8. Nxd4 Nxd4 9. Qxd4 c6 10. Be2 d5 11.
exd5 Nxd5 12. Nxd5 cxd5 13. Bf3 Be6 14. c3 Bf6 15. Qb4 d4 16. cxd4 Qxd4 17. Qxd4 Bxd4 18. Be3 Bxe3 19. fxe3 Rac8 20. a3 b6 21. Rac1 Rfd8 22. Rxc8 Rxc8 23. Be4 g6 24. Rd1 Kf8 25. Kf2 Ke7 26.
Rd2 Rc5 27. g3 Rc1 28. Bd3 Kf6 29. Be4 Ke5 30. Bf3 h5 31. h4 f6 32. Bd1 Rb1 33.
Bf3 Bc4 34. Bd1 Bd5 35. Be2 Be4 36. Bd1 Rc1 37. Be2 Rh1 38. Rd7 Rh2+ 39. Kf1 Rh1+ 40.
Kf2 Rh2+ 41. Kf1 Rh1+ 42. Kf2 Rh2+ 43. Kf1 a5 44. Re7+ Kd5 45. Ba6 f5 46. Bb7+ Kd6 47. Bxe4 Kxe7 48. Bg2 Kd6 49. Kg1 Rxg2+ 50. Kxg2 a4 51. Kf3 Kd5 52. Kf4 Kc4 53. Kg5 Kb3 54.
Kxg6 Kxb2 55. Kxf5 b5 56. g4 b4 57. axb4 a3 58.
gxh5 a2 59. h6 a1=Q 60. Kg6 Kb3 61. Kh7 Qf6 62. h5 Kxb4 63. e4 Kc5 64. e5 Qf7+ 65.
Kh8 Kd5 66. h7 Qf8# 0-1